woodfighter, chaotic female orcish Cavewoman --------- |.......| |.......| ----- |..._...| |...4 |.......| ---- --..--------- | |..%)%..| | ...II. --.45|.......| |. ----)---- .| ........---.44.|.......| |......)......| .....V.aAEaA@@AAA...@...| ---....%....--- .........---.3.3|...@...| -----%----- -...%%..- --..4|.......| -...%...- ----|---- --..--------- ------- .........--------...| |... ......| .....%....|....%....| ----- -...--.........--...------- |....--.......--....| ---...----+----...--- |..%............| ----------------- woodfighter the Cave God Experience level: 30 Strength: 25 Dexterity: 18 Constitution: 18 Intelligence: 15 Wisdom: 15 Charisma: 16 Health: 135(232) Energy: 108(108) Def: 60 Gold: 0 Moves: 47084 Dungeon seed: ul8HRV5PxjxHrWqy Game ID: woodfighter_1487707918 Your Inventory: Amulets L - a blessed rustproof amulet of flying V - a blessed amulet of life saving (being worn) Weapons a - the blessed fireproof +6 Big Stick (weapon in hand) E - 4 blessed +6 dwarvish spears (in quiver) Armor e - an uncursed +5 Hawaiian shirt (being worn) n - a blessed +4 shield of reflection (being worn) r - a blessed fireproof +5 pair of speed boots (being worn) D - a cursed greased +5 gray dragon scale mail (being worn) N - a blessed greased fireproof +5 cloak of protection (being worn) S - a blessed greased corroded +4 helmet (being worn) Y - an uncursed thoroughly rusty +5 pair of gauntlets of power (being worn) Potions c - 3 blessed potions of full healing M - an uncursed potion of full healing Rings v - a blessed ring of free action (on right hand) G - a blessed ring of regeneration (on left hand) Wands d - a blessed wand of teleportation (0:6) f - a blessed wand of death (1:6) h - a blessed wand of fire (0:6) O - a wand of death (0:7) Tools b - a blessed stethoscope q - a +0 unicorn horn s - a blessed bag of holding y - an uncursed skeleton key I - a blessed magic lamp U - the blessed greased rustproof Master Key of Thievery W - an uncursed towel Gems k - a blessed luckstone Contents of the bag of holding: an uncursed -2 helm of opposite alignment 32 blessed K-rations 4 blessed cram rations a blessed eucalyptus leaf 2 blessed lembas wafers 5 blessed sprigs of wolfsbane 17 blessed scrolls of blank paper 27 uncursed scrolls of blank paper a cursed scroll of blank paper 3 blessed scrolls of charging 4 blessed scrolls of genocide 4 blessed scrolls of gold detection 10 blessed scrolls of remove curse a blessed scroll of wishing a blessed potion of confusion 5 uncursed potions of confusion 17 blessed potions of full healing 5 potions of holy water a blessed ring of conflict a blessed wand of death (0:2) a blessed wand of digging (0:8) a blessed wand of digging (0:6) a blessed wand of digging (0:6) a blessed wand of digging (0:6) a blessed wand of digging (0:6) a blessed wand of digging (0:5) a blessed wand of digging (0:5) a blessed wand of fire (0:6) a blessed wand of teleportation (0:6) a blessed wand of wishing (2:0) a blessed can of grease (0:19) a magic marker (0:39) a fireproof magic marker (0:13) a blessed +0 pick-axe a blessed +0 unicorn horn a blessed +0 unicorn horn a +0 unicorn horn a +0 unicorn horn Spells and supernatural/magical abilities: Name Level Category Fail Memory i - invisibility 4 escape 100% 42% W - pray for help -- divine ? -- Your skills at the end: Miscellaneous Skills bare handed combat [Basic] shield [Skilled] wands [Basic] stealth [Skilled] Weapon Skills scimitar [Basic] club [Expert] spear [Expert] sling [Basic] Spellcasting Skills Final Attributes: You were piously aligned. You were fire resistant. You were cold resistant. You were sleep resistant. You were disintegration-resistant. You were shock resistant. You were poison resistant. You were magic-protected. You saw invisible. You were telepathic. You were warned. You had infravision. You were invisible to others. You were stealthy. You had teleport control. You regenerated. You were protected. You were very fast. You had reflection. You had free action. Your life would have been saved. You were extremely lucky. You had extra luck. Good luck did not time out for you. You survived after being killed twice. Vanquished creatures: Orcus Juiblex The Wizard of Yendor (6 times) Death Famine (twice) 2 arch-liches a high priest 6 ancient orange dragons 3 mammoths Vlad the Impaler Medusa 18 krakens 2 Archons 3 iron golems 5 master liches a ki-rin 2 gray dragons 5 red dragons a white dragon 8 orange dragons 7 black dragons 5 blue dragons 3 green dragons 4 yellow dragons 5 storm giants 2 titans 10 deep ettins 3 glass golems 3 balrogs The Great Fierce Beast 7 purple worms 17 minotaurs 7 jabberwocks 9 baluchitheria 4 Angels a young silver dragon 3 young red dragons 8 young white dragons 45 young orange dragons 7 young black dragons 5 young blue dragons 5 demiliches 5 stone golems 3 master mind flayers 10 Olog-hai 7 Nazgul 25 pit fiends 5 sandestins 6 hell hounds 6 titanotheres 10 trappers a baby gray dragon 9 gryphons 41 guardian nagas 25 vampire lords 6 shades 5 skeletons 8 aligned priests 10 captains 8 liches 2 clay golems 9 nurses 13 ice devils 13 nalfeshnees 4 lurkers above 43 golden nagas 7 black puddings 17 vampires 32 ghosts 10 ettins 10 lieutenants an archeologist a healer a knight a priest 2 queen bees 7 winged gargoyles 6 mind flayers 15 giant mimics 5 fire giants 2 ogre kings 9 Elvenkings 4 ice trolls 16 rock trolls 16 umber hulks 3 flesh golems 12 doppelgangers 19 hezrous 34 bone devils 106 salamanders 9 large mimics 4 wumpuses 4 fire vortices a baby long worm a baby purple worm 4 long worms 8 couatls 16 stalkers 10 air elementals 10 fire elementals 2 earth elementals 5 water elementals 20 hill giants 3 giant mummies 56 black nagas 33 elf-lords 14 xorns 18 giant zombies 16 sergeants 34 vrocks 18 wargs 2 winter wolves 12 hell hound pups 11 quantum mechanics 18 small mimics 5 island nymphs 3 glass piercers 5 warhorses 9 steam vortices 18 xans 7 ettin mummies an ogre lord 19 trolls 6 sasquatches 3 wood golems 10 mariliths 2 djinn 8 sharks 8 electric eels 4 pyrolisks 6 large dogs 4 freezing spheres 5 flaming spheres 13 shocking spheres 2 large cats 3 tigers 5 gargoyles 3 dwarf kings 9 tengu 7 gelatinous cubes 12 ochre jellies 4 crocodiles 15 chameleons 16 leocrottas 6 energy vortices 2 mountain centaurs 4 giants an elf mummy 5 human mummies 53 red nagas 10 green slimes 20 Grey-elves 6 pit vipers 96 pythons a cobra 37 wraiths 17 ettin zombies 2 leather golems 90 soldiers a horned devil 12 succubi 9 incubi 11 giant beetles 22 cockatrices 2 wolves 5 winter wolf cubs 5 black lights 5 lynxes a panther a gremlin 12 leprechauns 5 quivering blobs 3 spotted jellies 11 lizards 4 mountain nymphs 4 orc-captains a mumak 7 giant spiders 8 scorpions 3 iron piercers 4 horses 3 ice vortices 7 vampire bats 3 forest centaurs 6 gnome kings 6 orc mummies 6 dwarf mummies an ogre 7 brown puddings 13 Green-elves 20 rust monsters 9 owlbears 5 yetis 5 gold golems 3 werewolves 15 piranhas 18 giant eels 8 chickatrices 5 dogs a dingo 2 housecats 5 jaguars 5 dwarf lords 2 blue jellies 8 water nymphs 4 white unicorns 4 gray unicorns 4 dust vortices 40 ravens 7 plains centaurs 7 gnome mummies 17 Woodland-elves a snake 7 apes 15 human zombies 2 rope golems 10 soldier ants 6 fire ants 8 yellow lights 80 bugbears 2 baby crocodiles 2 wood nymphs 2 Mordor orcs an Uruk-hai 2 orc shamans 5 rock moles 5 rock piercers 5 ponies 4 fog clouds 12 shriekers 3 violet fungi 27 gnome lords 10 gnomish wizards 5 kobold mummies 2 red naga hatchlings 2 golden naga hatchlings a guardian naga hatchling 5 gray oozes 6 barrow wights 12 elf zombies 16 ghouls a straw golem 5 paper golems 7 jellyfish 4 giant ants 3 puppies 7 floating eyes 2 kittens 20 dwarves a homunculus 2 quasits 4 kobold lords 8 kobold shamans 4 iguanas 11 hill orcs 6 rothes 8 jitterbugs 5 giant bats 23 orc zombies 14 dwarf zombies a wererat 6 werejackals 77 killer bees 6 gas spores 5 hobbits 10 acid blobs 5 large kobolds 6 geckos 40 hobgoblins 5 giant rats 8 cave spiders 3 brown molds 5 yellow molds 2 green molds 8 red molds 55 gnomes 7 garter snakes 27 manes 17 gnome zombies 28 jackals a fox 9 kobolds 10 newts 9 goblins 10 sewer rats 7 grid bugs 11 bats 11 lichens 15 kobold zombies 2911 creatures vanquished. Genocided species: chickatrices cockatrices pyrolisks hobbits dwarves bugbears dwarf lords dwarf kings quantum mechanics mind flayers master mind flayers wood nymphs water nymphs mountain nymphs island nymphs baby gray dragons baby silver dragons baby red dragons baby white dragons baby orange dragons baby black dragons baby blue dragons baby green dragons baby yellow dragons young gray dragons young silver dragons young red dragons young white dragons young orange dragons young black dragons young blue dragons young green dragons young yellow dragons gray dragons silver dragons red dragons white dragons orange dragons black dragons blue dragons green dragons yellow dragons elder gray dragons elder silver dragons elder red dragons elder white dragons elder orange dragons elder black dragons elder blue dragons elder green dragons elder yellow dragons ancient gray dragons ancient silver dragons ancient red dragons ancient white dragons ancient orange dragons ancient black dragons ancient blue dragons ancient green dragons ancient yellow dragons liches demiliches master liches arch-liches red naga hatchlings black naga hatchlings golden naga hatchlings guardian naga hatchlings red nagas black nagas golden nagas guardian nagas disenchanters jellyfish piranhas sharks giant eels electric eels krakens 79 species genocided. Voluntary challenges: You had been an atheist until turn 2656. You used a wielded weapon 6089 times, starting on turn 38. You did not use plumbed fixtures. You read items or engraved 101 times, starting on turn 4770. You genocided 79 types of monsters, starting on turn 12954. You never polymorphed an object. You changed form 1 time, starting on turn 11377. You completed Sokoban on turn 6090, according to the rules. You used 7 wishes, starting on turn 15610. You wished for your your first artifact on turn 16235. You never split a pudding. You never wrote Elbereth's name. You violated your moral code, losing 4 points of alignment, starting on turn 33935. Dungeon overview: The Dungeons of Doom: levels 1 to 30 Level 1 (locked box) stairs to The Elemental Planes Level 2 stairs to The Gnomish Mines Level 3 (vault) a scroll shop, a sink Level 4 (vault) Level 5 a fountain Level 6 many fountains Level 7 (open water) an altar to Anu stairs to Sokoban Level 8 an altar to Anshar Level 9 a fountain Level 10 a fountain, a sink Level 11 Level 12 an altar to Anu, a fountain Level 13 (Quest) portal to The Quest Level 14 (big room) Level 15 a fountain Level 16 (rogue) Level 17 (vault) a fountain Level 18 a throne Level 19 an altar to Ishtar Level 20 Level 21 some fountains Level 22 (vault) a fountain Level 23 Level 24 a fountain Level 25 (medusa) a fountain, many trees Level 26 Level 27 Level 28 Level 29 some fountains Level 30 (castle) a magic chest, a fountain, a throne Gehennom: levels 31 to 57 Level 31 a temple to Moloch, a magic chest stairs to The Dungeons of Doom Level 32 Level 33 Level 34 (asmodeus) a magic chest Level 35 Level 36 Level 37 Level 38 (Juiblex) a fountain Level 39 Level 40 stairs to Vlad's Tower Level 41 (dispater) a magic chest Level 42 Level 43 Level 44 Level 45 (orcus is one higher) some shops, an altar to Moloch, a magic chest, some fountains Level 46 Level 47 (wizard) a magic chest Level 48 Level 49 portal to Gehennom Level 50 Level 51 Level 52 portal to Gehennom Level 53 Level 54 (bag of holding fell down hole) Level 55 Level 56 Level 57 The Gnomish Mines: levels 3 to 10 Level 3 stairs to The Dungeons of Doom Level 4 Level 5 Level 6 many shops, a temple to Ishtar, a magic chest, some fountains Level 7 Level 8 Level 9 Level 10 a magic chest, some fountains The Quest: levels 1 to 6 Level 1 (bell at chest) an altar to Anshar, a magic chest portal to The Dungeons of Doom Level 2 Level 3 Level 4 Level 5 Level 6 Sokoban: levels 3 to 6 Level 3 a magic chest Level 4 Level 5 Level 6 a magic chest stairs to The Dungeons of Doom Vlad's Tower: levels 37 to 39 Level 37 a throne Level 38 an altar to Moloch, a magic chest Level 39 stairs to Gehennom The Elemental Planes: Astral Plane <- You were here some high altars Plane 4 portal to The Elemental Planes Plane 3 portal to The Elemental Planes Plane 2 portal to The Elemental Planes Plane 1 portal to The Elemental Planes History has recorded: On T:1 you entered the Dungeons of Doom to retrieve the Amulet of Yendor! On T:169 you reached level 2 of The Dungeons of Doom. On T:461 you reached level 1 of The Gnomish Mines. On T:574 you advanced to experience level 2. On T:742 you reached level 3 of The Dungeons of Doom. On T:965 you advanced to experience level 3. On T:1076 you reached level 4 of The Dungeons of Doom. On T:1401 you advanced to experience level 4. On T:1490 you reached level 5 of The Dungeons of Doom. On T:1967 you reached level 6 of The Dungeons of Doom. On T:2175 you advanced to experience level 5. On T:2232 you reached level 7 of The Dungeons of Doom. On T:2558 you reached level 8 of The Dungeons of Doom. On T:2711 you reached level 4 of Sokoban. On T:2875 you opened a magic chest. On T:3176 you advanced to experience level 6. On T:3181 you reached level 3 of Sokoban. On T:3409 you reached level 2 of Sokoban. On T:4194 you reached level 1 of Sokoban. On T:6090 you advanced to experience level 7. On T:6090 you entered the Sokoban zoo. On T:6484 you prayed to Anshar. On T:6925 you advanced to experience level 8. On T:7840 you reached level 2 of The Gnomish Mines. On T:7900 you reached level 3 of The Gnomish Mines. On T:8291 you reached level 4 of The Gnomish Mines. On T:8493 you advanced to experience level 9. On T:8519 you entered the Minetown temple On T:9479 you reached level 5 of The Gnomish Mines. On T:9721 you reached level 6 of The Gnomish Mines. On T:10034 you reached level 7 of The Gnomish Mines. On T:10436 you reached level 8 of The Gnomish Mines. On T:10436 you reached the bottom of the Mines. On T:10964 you prayed to Anshar. On T:11126 you were saved from death by your amulet of life saving! On T:12736 you reached level 9 of The Dungeons of Doom. On T:12808 you reached level 10 of The Dungeons of Doom. On T:13206 you reached level 11 of The Dungeons of Doom. On T:13450 you prayed to Anshar. On T:14820 you advanced to experience level 10. On T:15118 you advanced to experience level 11. On T:15321 you reached level 12 of The Dungeons of Doom. On T:15610 you wished for "+3 blessed fixed greased gray dragon scale mail". On T:15695 you reached level 13 of The Dungeons of Doom. On T:15936 you reached level 14 of The Dungeons of Doom. On T:16235 you wished for "blessed fixed greased the master key of thievery". On T:16627 you reached level 15 of The Dungeons of Doom. On T:16681 you reached level 16 of The Dungeons of Doom. On T:16681 you entered the Rogue tribute level. On T:17147 you reached level 17 of The Dungeons of Doom. On T:17632 you reached level 18 of The Dungeons of Doom. On T:17704 you advanced to experience level 12. On T:18070 you reached level 19 of The Dungeons of Doom. On T:18323 you wished for "+3 blessed fixed greased speed boots". On T:18460 you reached level 20 of The Dungeons of Doom. On T:19071 you reached level 21 of The Dungeons of Doom. On T:21692 you reached level 22 of The Dungeons of Doom. On T:22118 you reached level 23 of The Dungeons of Doom. On T:22156 you reached level 24 of The Dungeons of Doom. On T:22631 you reached level 25 of The Dungeons of Doom. On T:23070 you killed Medusa on level 25 of The Dungeons of Doom. On T:23106 you reached level 26 of The Dungeons of Doom. On T:23172 you advanced to experience level 13. On T:23399 you reached level 27 of The Dungeons of Doom. On T:23786 you reached level 28 of The Dungeons of Doom. On T:24432 you reached level 29 of The Dungeons of Doom. On T:24855 you reached The Castle. On T:26287 you advanced to experience level 14. On T:26734 you reached level 1 of The Quest. On T:27043 you embarked upon an epic quest. On T:27146 you reached level 2 of The Quest. On T:27347 you reached level 3 of The Quest. On T:27488 you reached level 4 of The Quest. On T:28166 you reached level 5 of The Quest. On T:28249 you reached level 6 of The Quest. On T:28587 you killed Great Fierce Beast on level 4 of The Quest. On T:28787 you completed the quest! On T:30324 you advanced to experience level 15. On T:30360 you reached The Valley of the Dead. On T:30710 you advanced to experience level 16. On T:31063 you reached level 2 of Gehennom. On T:31218 you reached level 3 of Gehennom. On T:31697 you advanced to experience level 17. On T:31744 you reached level 4 of Gehennom. On T:32242 you reached level 5 of Gehennom. On T:32537 you reached level 6 of Gehennom. On T:33178 you reached level 7 of Gehennom. On T:33407 you reached level 8 of Gehennom. On T:33565 you killed Juiblex on level 8 of Gehennom. On T:33740 you reached level 9 of Gehennom. On T:33982 you reached level 10 of Gehennom. On T:34165 you reached level 3 of Vlad's Tower. On T:34320 you reached level 11 of Gehennom. On T:34586 you reached level 2 of Vlad's Tower. On T:34606 you reached level 1 of Vlad's Tower. On T:34850 you killed Vlad the Impaler on level 1 of Vlad's Tower. On T:35978 you reached level 12 of Gehennom. On T:36209 you reached level 13 of Gehennom. On T:36218 you reached level 14 of Gehennom. On T:36234 you reached level 16 of Gehennom. On T:36355 you reached level 15 of Gehennom. On T:37532 you wished for "3 blessed fixed scrolls of genocide". On T:38231 you killed Orcus on level 12 of Gehennom. On T:38444 you reached level 17 of Gehennom. On T:38979 you reached level 18 of Gehennom. On T:39032 you reached level 19 of Gehennom. On T:39075 you reached level 20 of Gehennom. On T:39269 you reached level 21 of Gehennom. On T:39286 you reached level 22 of Gehennom. On T:39297 you wished for "+3 blessed fixed greased cloak of protection". On T:40677 you reached level 23 of Gehennom. On T:41002 you wished for "uncursed fixed magic marker". On T:41726 you reached level 25 of Gehennom. On T:41933 you were saved from death by your amulet of life saving! On T:42960 you wished for "blessed fixed amulet of flying". On T:44805 you reached level 26 of Gehennom. On T:45745 you advanced to experience level 18. On T:45745 you advanced to experience level 19. On T:45746 you advanced to experience level 20. On T:45747 you advanced to experience level 21. On T:45747 you advanced to experience level 22. On T:45748 you advanced to experience level 23. On T:45749 you advanced to experience level 24. On T:45749 you advanced to experience level 25. On T:45750 you advanced to experience level 26. On T:45750 you advanced to experience level 27. On T:45751 you advanced to experience level 28. On T:45751 you advanced to experience level 29. On T:45752 you advanced to experience level 30. On T:45941 you killed Wizard of Yendor on level 17 of Gehennom. On T:45948 you performed the invocation. On T:46021 you killed high priest of Moloch on level 27 of Gehennom. On T:46022 you gained the Amulet of Yendor! On T:46187 you killed Wizard of Yendor on level 17 of Gehennom. On T:46260 you killed Wizard of Yendor on level 16 of Gehennom. On T:46350 you killed Wizard of Yendor on level 9 of Gehennom. On T:46587 you killed Wizard of Yendor on level 20 of The Dungeons of Doom. On T:46875 you reached the Plane of Earth. On T:46875 you killed Wizard of Yendor on the Plane of Earth. On T:46912 you reached the Plane of Air. On T:46956 you reached the Plane of Fire. On T:46976 you reached the Plane of Water. On T:47002 you reached the Astral Plane. On T:47013 you killed Famine on the Astral Plane. On T:47041 you killed Famine on the Astral Plane. On T:47056 you killed Death on the Astral Plane. On T:47084 you lost the Amulet of Yendor. On T:47084 you offered the Amulet of Yendor to Anshar and ascended to the status of Demigoddess! Score breakdown: Gold: 0 ( 0 points) Experience: 30 levels ( 2000 points) Exploration: 57 levels ( 2000 points) Discoveries: 112 items ( 2000 points) Variety of kills: 289 monsters ( 2000 points) Major goal: ascended ( 5000 points) Ascension bonuses Valuables value: 300 ( 30 points) Artifacts: 2 ( 2000 points) Speed bonus: 47084 turns ( 2645 points) Conduct bonus: 4 conducts ( 6900 points) Survival: ascended (score multiplied by 10) Total score: 245750 Latest messages: The Angel of Anu hacks you! The Angel of Anu swings her long sword at you. The Angel of Anu hacks you! The Angel of Anu just misses! The Angel of Anu casts a spell at you! A shower of missiles bounces off the cavewoman! The priest of Anu bumps right into you! The priest of Anu picks up a mace. The Aleax wields a long sword! The Aleax swings her long sword at you. The Aleax just misses! The Aleax misses. The high priest intones: "Pilgrim, you enter a sacred place!" "Very soon, my child, thou shalt meet thy maker." The invisible Angel of Ishtar picks up 21 staves. "Dost thou wish to receive thy final blessing?" The priest of Anu picks up a wand of cold. The priest of Moloch picks up a silver dragon scale mail. The priest of Moloch puts on a silver dragon scale mail. You offer the Amulet of Yendor to Anshar... An invisible choir sings, and you are bathed in radiance... The voice of Anshar booms: "Congratulations, mortal!" "In return for thy service, I grant thee the gift of Immortality!" You ascend to the status of Demigoddess... Final status: Goodbye woodfighter the Demigoddess, ascended... You went to your reward with 245750 points, Big Stick (worth 2500 zorkmids) The Master Key of Thievery (worth 3500 zorkmids) 1 amulet of life saving (worth 150 zorkmids), 1 amulet of flying (worth 150 zorkmids), and 0 pieces of gold, after 47084 moves. You were level 30 with a maximum of 232 hit points when you ascended.